AoeStats
← de one who is win this play

Arena

506439445Analyzed
4v4 RM · 20d ago on Sep 13, 2026· 51m 5s· 8 players
Game mode
Random Map
Map size
Large (8 player)
Population
200
Speed
Normal
Resources
Standard
Victory
Conquest
Starting age
Dark Age
Ending age
Imperial Age
RankedLock teamsTeams togetherTeam positionsShared explorationLock speedFull tech treeHidden civsTurbo modeCheats
Victory
Defeat
🇬🇧 Wu · United Kingdom
1132
+14
🇨🇴 Celts · Colombia
1131
+15
🇦🇷 Mongols · Argentina
1120
+15
🇨🇴 Slavs · Colombia
1056
+19
🇮🇳 Persians · India
1128
-17
🇹🇷 Berbers · Türkiye
1127
-17
🇨🇳 Bohemians · China
1082
-15
🇹🇼 Wu · Taiwan
1053
-14
76561198443206480
11:27 Feudal Age
15:18 Castle Age
13:45 Double-Bit Axe
14:13 Horse Collar
18:16 Loom
24:55 Elite Skirmisher
28:58 Wheelbarrow
28:52 Fletching
29:02 Padded Archer Armor
30:17 Hand Cart
31:29 Bow Saw
31:24 Heavy Plow
34:35 Imperial Age
hknarsln
12:32 Feudal Age
16:50 Castle Age
14:49 Double-Bit Axe
15:04 Horse Collar
16:42 Wheelbarrow
18:07 Heavy Plow
20:34 Loom
23:55 Gold Mining
23:59 Stone Mining
24:44 Bloodlines
26:33 Husbandry
27:08 Fletching
27:50 Thumb Ring
29:10 Bow Saw
29:22 Kasbah
31:56 Gold Shaft Mining
32:08 Ballistics
34:51 Imperial Age
33:18 Hand Cart
33:24 Bodkin Arrow
33:30 Padded Archer Armor
34:15 Stone Shaft Mining
34:24 Scale Barding Armor
34:32 Forging
35:42 Chain Barding Armor
35:31 Light Cavalry
35:53 Heavy Camel Rider
37:13 Plate Barding Armor
37:16 Iron Casting
37:44 Elite Genitour
40:39 Blast Furnace
39:58 Leather Archer Armor
40:57 Chemistry
42:31 Bracer
43:03 Ring Archer Armor
45:06 Elite Camel Archer
46:36 Hussar
47:17 Heavy Cavalry Archer
ShuShu
10:10 Feudal Age
14:53 Castle Age
13:04 Double-Bit Axe
13:32 Horse Collar
16:21 Bow Saw
17:02 Loom
18:04 Heavy Plow
18:42 Fletching
19:15 Padded Archer Armor
21:04 Wheelbarrow
23:52 Gold Mining
24:51 Bodkin Arrow
27:10 Leather Archer Armor
26:54 Town Watch
29:37 Red Cliffs Tactics
30:17 Hand Cart
30:48 Squires
32:00 Gold Shaft Mining
32:09 Ballistics
34:55 Masonry
35:51 Scale Barding Armor
38:31 Imperial Age
36:04 Town Patrol
37:11 Bloodlines
37:02 Husbandry
39:17 Bracer
39:49 Heavy Hei Guang Cavalry
44:50 Two-Man Saw
44:59 Forging
45:57 Conscription
46:42 Crossbowman
47:13 Arbalester
dipsh*t
10:47 Feudal Age
14:32 Castle Age
12:56 Double-Bit Axe
12:53 Horse Collar
13:11 Gold Mining
15:59 Wheelbarrow
23:54 Hand Cart
24:24 Bow Saw
29:26 Imperial Age
27:02 Loom
27:10 Fletching
27:20 Padded Archer Armor
28:30 Bodkin Arrow
28:50 Leather Archer Armor
28:37 Heavy Plow
29:15 Gold Shaft Mining
29:15 Kamandaran
31:04 Chemistry
30:47 Conscription
31:41 Two-Man Saw
30:35 Crossbowman
31:20 Thumb Ring
31:49 Ring Archer Armor
33:23 Squires
32:44 Pikeman
33:43 Forging
33:33 Scale Mail Armor
33:32 Heavy Scorpion
33:51 Elite War Elephant
35:47 Crop Rotation
35:11 Stone Mining
35:01 Halberdier
36:46 Stone Shaft Mining
41:51 Thumb Ring
47:23 Iron Casting
47:03 Chain Mail Armor
46:54 Scale Barding Armor
House of Bebu
11:00 Feudal Age
15:01 Castle Age
13:18 Double-Bit Axe
13:20 Horse Collar
16:05 Bow Saw
17:56 Heavy Plow
19:56 Loom
20:47 Wheelbarrow
23:11 Padded Archer Armor
23:59 Hand Cart
24:03 Scale Mail Armor
24:37 Forging
25:30 Squires
25:16 Arson
27:51 Iron Casting
27:32 Chain Mail Armor
29:42 Fletching
30:08 Leather Archer Armor
29:26 Pikeman
30:09 Gold Mining
30:09 Stone Mining
31:31 Gold Shaft Mining
31:14 Treadmill Crane
31:30 Murder Holes
32:06 Bodkin Arrow
35:42 Imperial Age
34:07 Town Watch
35:06 Town Patrol
34:35 Man-at-Arms
35:43 Red Cliffs Tactics
36:56 Stone Shaft Mining
35:55 Elite Fire Archer
36:55 Conscription
35:59 Long Swordsman
37:55 Two-Man Saw
36:27 Halberdier
36:42 Two-Handed Swordsman
38:54 Blast Furnace
38:46 Plate Mail Armor
38:04 Champion
40:27 Ballistics
41:08 Chemistry
41:00 Bracer
43:46 Masonry
de one who is win this play
11:24 Feudal Age
9:44 Loom
15:39 Castle Age
13:55 Double-Bit Axe
16:14 Horse Collar
16:47 Bow Saw
17:52 Wheelbarrow
17:37 Heavy Plow
19:07 Loom
27:22 Imperial Age
25:12 Gold Mining
26:53 Stone Mining
27:56 Pikeman
28:42 Scale Mail Armor
28:53 Forging
30:02 Heavy Scorpion
30:47 Halberdier
31:50 Chain Mail Armor
32:11 Iron Casting
32:13 Hand Cart
32:48 Iron Casting
32:00 Arson
32:31 Capped Ram
34:52 Furor Celtica
35:41 Siege Ram
40:03 Town Watch
41:54 Gambesons
41:30 Man-at-Arms
42:46 Plate Mail Armor
43:16 Blast Furnace
42:56 Town Watch
43:50 Conscription
42:52 Elite Woad Raider
43:21 Long Swordsman
45:17 Blast Furnace
45:20 Two-Handed Swordsman
47:08 Champion
Maiculito de la mancha
10:43 Feudal Age
14:30 Castle Age
13:17 Double-Bit Axe
17:56 Loom
22:59 Scale Barding Armor
24:29 Wheelbarrow
27:59 Bow Saw
27:31 Horse Collar
33:20 Imperial Age
31:06 Hand Cart
30:37 Town Watch
31:05 Stone Mining
31:08 Gold Mining
31:39 Detinets
32:40 Chain Barding Armor
32:30 Forging
32:59 Gold Shaft Mining
33:26 Elite Boyar
34:32 Conscription
35:39 Plate Barding Armor
35:44 Iron Casting
35:56 Heavy Plow
36:33 Bloodlines
36:23 Husbandry
36:57 Squires
36:18 Pikeman
38:16 Halberdier
40:01 Scale Mail Armor
41:02 Blast Furnace
40:30 Druzhina
44:54 Chain Mail Armor
Bukele
10:53 Feudal Age
11:59 Double-Bit Axe
14:27 Castle Age
14:05 Gold Mining
14:16 Loom
22:45 Wheelbarrow
23:55 Fletching
24:25 Hand Cart
26:35 Padded Archer Armor
30:42 Bow Saw
30:15 Horse Collar
32:07 Gold Shaft Mining
32:11 Bodkin Arrow
32:53 Stone Mining
32:53 Town Watch
33:46 Bloodlines
37:52 Imperial Age
35:48 Ballistics
36:51 Leather Archer Armor
36:42 Scale Barding Armor
37:21 Heavy Plow
38:32 Stone Shaft Mining
37:55 Onager
38:41 Bracer
39:55 Chemistry
40:47 Conscription
41:00 Fortified Wall
40:49 Murder Holes
40:53 Siege Onager
44:51 Conscription
43:53 Elite Mangudai
44:58 Forging
45:09 Chain Barding Armor
45:01 Heavy Camel Rider
45:47 Husbandry
Connection lost

Rejoining the realm…

Still unreachable

The connection could not be restored.

Session expired

The server has moved on; the page needs a fresh start.